 Dungeon Crawl Stone Soup version 0.27-a0-1188-g73eefd5def (webtiles) character file.

Game seed: 11393071262210384597

2 Glokmah the Skirmisher (level 1, 0/18 HPs)
             Began as a Demonspawn Monk on May 22, 2021.
             Succumbed to a kobold's poison
             ... on level 1 of the Dungeon.
             The game lasted 00:00:21 (49 turns).

Glokmah the Skirmisher (Demonspawn Monk)              Turns: 49, Time: 00:00:21

Health: 0/18       AC:  2    Str: 11    XL:     1   Next: 33%
Magic:  1/1        EV: 12    Int: 11    God:
Gold:   20         SH:  0    Dex: 15    Spells: 0/0 levels left

rFire    . . .     SeeInvis .   a - +0 hand axe
rCold    . . .     Faith    .   (no shield)
rNeg     . . .     Spirit   .   b - +0 robe
rPois    .         Reflect  .   (no helmet)
rElec    .         Harm     .   (no cloak)
rCorr    .         Rampage  .   (no gloves)
Will     .....                  (no boots)
Stlth    ++........             (no amulet)
HPRegen  0.06/turn              (no ring)
MPRegen  0.07/turn              (no ring)

@: lethally poisoned (0 -> -3)
A: no striking features
a: no special abilities


You were on level 1 of the Dungeon.
You visited 1 branch of the dungeon, and saw 1 of its levels.

You collected 20 gold pieces.

Inventory:

Hand Weapons
 a - a +0 hand axe (weapon)
Armour
 b - a +0 robe (worn)
Scrolls
 c - a scroll of identify


   Skills:
 + Level 3.0 Fighting
 * Level 2.8 Axes
 - Level 2.6 Dodging
 - Level 1.7 Stealth


You couldn't memorise any spells.
You didn't know any spells.
Your spell library was empty.

Dungeon Overview and Level Annotations

Branches:
Dungeon (1/15)

Altars:


Message History

A kobold comes into view. It is wielding a +2 dagger of venom.
The endoplasm freezes you.
You are frozen.
Found 19 stones and 11 gold pieces.
You hit the endoplasm.
The endoplasm is lightly wounded.
The endoplasm hits you.
You barely miss the endoplasm.
The endoplasm is lightly wounded.
The endoplasm freezes you.
You are frozen.
You hit the endoplasm.
The endoplasm is severely wounded.
You hit the endoplasm but do no damage. The endoplasm freezes you.
You are frozen.
The endoplasm hits you.
Unknown command.
You hit the endoplasm but do no damage. You hit the endoplasm.
You kill the endoplasm!
The endoplasm closely misses you.
You hit the endoplasm but do no damage. The endoplasm closely misses you.
You hit the endoplasm.
You kill the endoplasm!
The kobold shouts!
The kobold hits you with a +2 dagger of venom.
* * * LOW HITPOINT WARNING * * *
You are lethally poisoned!
You closely miss the kobold.
* * * LOW HITPOINT WARNING * * *
You feel sick. The kobold closely misses you.
You closely miss the kobold.
* * * LOW HITPOINT WARNING * * *
You feel sick. The kobold misses you. The kobold barely misses you.
* * * LOW HITPOINT WARNING * * *
You feel sick.
You aren't carrying any potions.
As you read the scroll labelled HUBBIUR SAOGG, it crumbles to dust.
It is a scroll of identify.
You don't have any unidentified items.
You die...

......... #.........
###....(..$.#
#...........#
#...........# #.
#...........#
#..#...........#
#..............#.###
#.##.K@.....## .#>#
#........# ....
#........##+#...
#............#
######.......###
#.........####
#.........>#.##
######'#<......
#######.#.......


You could see a kobold.

Vanquished Creatures
  2 endoplasms (D:1)
2 creatures vanquished.

Notes
Turn   | Place    | Note
-------+----------+-------------------------------------------
     0 | D:1      | Glokmah the Demonspawn Monk began the quest for the Orb.
     0 | D:1      | Reached XP level 1. HP: 18/18 MP: 1/1
    49 | D:1      | Succumbed to a kobold's poison

Illustrated notes

Levels and vault maps discovered:
D:1:      dpeg_arrival_long_road, layout_basic, serial_shops, shop,
          ebering_ecumenical_altar_sacrificial, minmay_large_rounded_square

Action                   || total
-------------------------++-------
Melee: Hand axe          ||     8
  Use: Scroll            ||     1
Dodge: Dodged            ||     5

Table legend: (Time is in decaauts)
 A = Elapsed time spent in this place.
 B = Non-inter-level travel time spent in this place.
 C = Inter-level travel time spent in this place.
 D = Time resting spent in this place.
 E = Time spent auto-exploring this place.
 F = Levels seen in this place.
 G = Mean time per level.
                   A        B        C        D        E       F      G
               +--------+--------+--------+--------+--------+-----+--------+
         Total |     50 |     50 |      0 |      0 |     10 |   1 |   50.0 |
       Dungeon |     50 |     50 |      0 |      0 |     10 |   1 |   50.0 |
               +--------+--------+--------+--------+--------+-----+--------+

Top non-repeatable levels by time:
     D:1: 50 daAuts
